AoeStats
← Long John Silver

Arena

507348113Analyzed
4v4 RM · 15d ago on Sep 17, 2026· 74m 10s· 8 players
Game mode
Random Map
Map size
Large (8 player)
Population
200
Speed
Normal
Resources
Standard
Victory
Conquest
Starting age
Dark Age
Ending age
Imperial Age
RankedLock teamsTeams togetherTeam positionsShared explorationLock speedFull tech treeHidden civsTurbo modeCheats
Victory
Defeat
🇺🇸 Hindustanis · United States
1552
+13
🇩🇪 Burmese · Germany
1446
+17
🇳🇱 Inca · Netherlands
1430
+18
🇪🇸 Britons · Spain
1383
+19
🇩🇪 Georgians · Germany
1531
-19
🇨🇱 Berbers · Chile
1498
-18
🇩🇪 Franks · Germany
1492
-18
🇦🇷 Cumans · Argentina
1340
-12
Sain
10:06 Feudal Age
10:42 Feudal Age
11:50 Double-Bit Axe
14:23 Castle Age
12:09 Horse Collar
15:30 Bow Saw
15:32 Heavy Plow
21:18 Wheelbarrow
21:38 Gold Mining
23:14 Stone Mining
23:47 Hand Cart
27:23 Imperial Age
24:47 Loom
25:38 Town Watch
26:02 Scale Barding Armor
26:07 Forging
27:13 Chain Barding Armor
27:07 Bloodlines
26:57 Husbandry
28:12 Iron Casting
27:26 Heavy Camel Rider
29:18 Plate Barding Armor
30:30 Blast Furnace
30:47 Chemistry
30:21 Imperial Camel Rider
32:25 Grand Trunk Road
32:47 Conscription
32:51 Fletching
34:20 Devotion
39:35 Caravan
45:14 Bodkin Arrow
46:45 Padded Archer Armor
48:07 Leather Archer Armor
48:43 Shatagni
49:38 Light Cavalry
51:06 Ring Archer Armor
50:31 Hussar
52:21 Siege Elephant
57:48 Siege Engineers
58:41 Masonry
59:50 Thumb Ring
59:46 Bracer
65:32 Scale Mail Armor
74:22 Chain Mail Armor
VesperalCamp546
10:03 Feudal Age
13:43 Castle Age
12:09 Double-Bit Axe
12:33 Horse Collar
14:38 Bow Saw
17:30 Champi Runner
18:19 Champi Warrior
19:44 Loom
32:01 Wheelbarrow
32:55 Heavy Plow
38:08 Imperial Age
36:45 Fletching
36:47 Elite Skirmisher
36:53 Pikeman
38:34 Ballistics
39:38 Bodkin Arrow
40:09 Capped Ram
40:59 Halberdier
41:57 Thumb Ring
41:59 Squires
41:45 Arson
42:36 Scale Mail Armor
42:42 Bracer
42:59 Padded Archer Armor
43:34 Chain Mail Armor
43:29 Forging
43:46 Andean Sling
46:11 Chemistry
47:04 Plate Mail Armor
47:14 Iron Casting
46:56 Leather Archer Armor
49:18 Siege Ram
52:47 Blast Furnace
52:18 Ring Archer Armor
55:21 Crop Rotation
59:55 Masonry
66:18 Hand Cart
Chompskee
10:25 Feudal Age
14:12 Castle Age
12:00 Double-Bit Axe
12:38 Horse Collar
21:04 Stone Mining
23:03 Wheelbarrow
22:16 Loom
24:17 Hand Cart
24:20 Pikeman
26:16 Heavy Plow
26:29 Bow Saw
26:20 Gold Mining
30:57 Imperial Age
29:14 Ballistics
29:36 Gold Shaft Mining
29:09 Gambesons
29:25 Squires
29:32 Padded Archer Armor
29:25 Fletching
30:40 Bodkin Arrow
31:01 Leather Archer Armor
30:53 Squires
30:55 Scale Mail Armor
31:05 Forging
31:55 Yeomen
31:41 Bracer
32:48 Two-Man Saw
31:16 Halberdier
31:46 Arson
32:25 Conscription
34:14 Chemistry
32:56 Treadmill Crane
33:16 Elite Longbowman
34:48 Ring Archer Armor
34:55 Iron Casting
34:35 Chain Mail Armor
35:01 Treadmill Crane
36:32 Hoardings
36:02 Warwolf
38:28 Blast Furnace
47:27 Caravan
48:58 Man-at-Arms
49:55 Long Swordsman
52:50 Plate Mail Armor
51:44 Two-Handed Swordsman
53:00 Champion
Long John Silver
10:26 Feudal Age
14:08 Castle Age
12:14 Horse Collar
15:01 Heavy Plow
19:08 Loom
20:21 Bloodlines
20:15 Light Cavalry
22:02 Forging
23:47 Wheelbarrow
22:58 Town Watch
23:51 Gold Mining
23:52 Stone Mining
25:21 Iron Casting
25:41 Hand Cart
30:52 Imperial Age
29:00 Scale Mail Armor
28:22 Pikeman
31:57 Chain Mail Armor
35:58 Conscription
36:24 Plate Mail Armor
36:57 Chemistry
36:15 Siege Engineers
36:37 Ballistics
36:41 Halberdier
37:19 Heavy Scorpion
38:16 Squires
38:58 Arson
40:36 Blast Furnace
39:49 Fletching
40:04 Scale Barding Armor
48:33 Caravan
52:31 Hussar
53:11 Husbandry
54:17 Chain Barding Armor
54:12 Masonry
54:01 Capped Ram
56:06 Plate Barding Armor
56:18 Architecture
66:34 Bodkin Arrow
67:17 Bracer
MyNameIsLassen
10:53 Feudal Age
15:01 Castle Age
12:54 Double-Bit Axe
13:24 Horse Collar
16:03 Bow Saw
16:01 Gold Mining
18:47 Gold Mining
19:03 Heavy Plow
20:52 Wheelbarrow
20:29 Loom
21:17 Gold Mining
21:34 Stone Mining
23:00 Fletching
23:10 Padded Archer Armor
24:07 Ballistics
24:31 Stone Shaft Mining
23:54 Bodkin Arrow
25:34 Hand Cart
26:32 Leather Archer Armor
32:24 Imperial Age
29:46 Town Watch
30:18 Leather Archer Armor
30:18 Scale Barding Armor
30:23 Forging
31:23 Chain Barding Armor
31:12 Guard Tower
31:03 Treadmill Crane
31:33 Masonry
32:27 Treadmill Crane
32:28 Onager
34:35 Keep
35:01 Chemistry
34:03 Bracer
34:13 Svan Towers
34:31 Scale Mail Armor
35:06 Iron Casting
34:31 Arrowslits
35:15 Squires
34:35 Pikeman
35:05 Siege Onager
35:52 Siege Engineers
36:18 Architecture
36:13 Conscription
36:22 Chain Mail Armor
38:07 Blast Furnace
36:46 Halberdier
38:35 Plate Mail Armor
38:59 Crop Rotation
40:07 Coinage
40:21 Hoardings
42:55 Hoardings
42:43 Fortified Wall
42:31 Murder Holes
47:31 Leather Archer Armor
47:03 Arson
49:46 Leather Archer Armor
50:46 Town Patrol
50:48 Caravan
50:50 Elite Skirmisher
54:23 Elite Monaspa
55:39 Plate Barding Armor
57:17 Banking
56:57 Guilds
58:32 Aznauri Cavalry
60:26 Bloodlines
60:16 Husbandry
60:12 Light Cavalry
61:35 Hussar
68:07 Heavy Cavalry Archer
69:12 Parthian Tactics
70:39 Parthian Tactics
VeryNiceToMeetYou
10:42 Feudal Age
11:52 Double-Bit Axe
14:40 Castle Age
22:40 Gold Mining
23:30 Wheelbarrow
24:45 Gold Shaft Mining
25:08 Hand Cart
25:13 Scale Barding Armor
25:18 Forging
26:12 Husbandry
27:11 Chain Barding Armor
26:52 Husbandry
29:39 Imperial Age
27:18 Loom
27:59 Forging
29:49 Cavalier
31:24 Plate Barding Armor
31:24 Iron Casting
31:36 Paladin
34:05 Bow Saw
33:52 Stone Mining
36:46 Blast Furnace
35:47 Scale Mail Armor
35:49 Squires
35:35 Arson
38:22 Chain Mail Armor
39:31 Masonry
39:33 Elite Throwing Axeman
40:42 #83
40:42 Conscription
40:56 Plate Mail Armor
42:32 Chemistry
42:54 Light Cavalry
48:43 Caravan
62:41 Architecture
DD2E shaulitox
9:43 Feudal Age
8:14 Loom
13:58 Castle Age
12:13 Double-Bit Axe
25:32 Fletching
26:23 Wheelbarrow
25:52 Gold Mining
27:31 Bodkin Arrow
30:15 Horse Collar
31:57 Hand Cart
32:59 Ballistics
37:38 Imperial Age
36:07 Bow Saw
37:17 Heavy Plow
37:54 Gold Shaft Mining
37:10 Stone Mining
39:21 Chemistry
38:24 Padded Archer Armor
39:21 Conscription
40:12 Leather Archer Armor
39:58 Bracer
42:14 Murder Holes
47:09 Ring Archer Armor
47:05 Husbandry
47:16 Bloodlines
47:14 Scale Barding Armor
47:19 Forging
49:18 Crop Rotation
49:25 Stone Shaft Mining
49:54 Light Cavalry
51:37 Chain Barding Armor
51:53 Iron Casting
50:55 Hussar
53:25 Elite Genitour
54:45 Plate Barding Armor
55:09 Thumb Ring
55:09 Squires
62:46 Elite Skirmisher
70:09 Town Watch
Tuvieja
9:42 Feudal Age
10:25 Double-Bit Axe
10:21 Horse Collar
14:31 Town Watch
15:33 Stone Mining
18:04 Wheelbarrow
21:54 Castle Age
19:51 Gold Mining
20:22 Loom
20:31 Fletching
20:53 Padded Archer Armor
22:58 Bow Saw
22:49 Heavy Plow
23:06 Hand Cart
23:19 Bodkin Arrow
24:02 Gold Shaft Mining
24:35 Leather Archer Armor
26:38 Ballistics
29:12 Imperial Age
27:31 Masonry
31:09 Chemistry
30:54 Ring Archer Armor
32:33 Conscription
31:34 Elite Kipchak
35:10 Hoardings
38:28 Murder Holes
37:58 Pikeman
38:39 Squires
38:40 Scale Mail Armor
38:51 Forging
38:41 Halberdier
44:48 Two-Man Saw
46:36 Iron Casting
46:16 Chain Mail Armor
47:53 Hoardings
46:42 Elite Skirmisher
47:28 Thumb Ring
50:10 Parthian Tactics
54:02 Steppe Husbandry
55:40 Guilds
56:00 Coinage
55:31 Caravan
57:18 Blast Furnace
56:49 Plate Mail Armor
57:22 Two-Man Saw
56:52 Crop Rotation
56:31 Scale Barding Armor
56:38 Town Patrol
58:58 Bloodlines
58:10 Light Cavalry
58:13 Elite Steppe Lancer
59:30 Hussar
65:47 Banking
65:58 Chain Barding Armor
72:36 Capped Ram
Connection lost

Rejoining the realm…

Still unreachable

The connection could not be restored.

Session expired

The server has moved on; the page needs a fresh start.